 Dungeon Sprint DCSS version 0.19-a0-1834-g6b7851e (webtiles) character file.

12453 Gamora the Warrior (level 11, -2/84 HPs)
             Began as a Gargoyle Gladiator on Oct 9, 2016.
             Was the Champion of Trog.
             Slain by a frost giant
             ... wielding a +0 battleaxe of freezing
              (5 damage)
             ... in the Dungeon (Sprint VII: "The Pits").
             The game lasted 00:15:07 (3196 turns).

Gamora the Warrior (Gargoyle Gladiator)             Turns: 3196, Time: 00:15:07

Health: -2/84      AC: 28    Str: 27    XL:     11   Next: 93%
Magic:  11/11      EV: 11    Int: 10    God:    Trog [******]
Gold:   57         SH:  0    Dex: 10    Spells: 0 memorised, 10 levels left

rFire  . . .     SeeInvis .     a - +4 quarterstaff (speed)
rCold  . . .     Gourm    .     r - +3 chain mail
rNeg   + . .     Faith    .     (shield currently unavailable)
rPois  ∞         Spirit   .     c - +0 helmet
rElec  +         Dismiss  .     y - +0 cloak
rCorr  .         Reflect  .     (no gloves)
MR     ++...     Harm     .     A - +0 pair of boots
Stlth  +......... NoTele   +    (no amulet)
                                v - +3 ring of strength
                                u - +3 ring of strength

@: regenerating
A: negative energy resistance 1, electricity resistance, wild magic 1,
unbreathing, petrification resistance, rot immunity, AC +7
a: Berserk, Trog's Hand, Brothers in Arms, Burn Spellbooks, Renounce Religion


You were in the Dungeon.
You worshipped Trog.
Trog was exalted by your worship.
You were hungry.

You visited 1 branch You collected 57 gold pieces.

Inventory:

Hand Weapons
 a - a +4 quarterstaff of speed (weapon)
 n - a +3 antimagic lajatang
Missiles
 b - 14 tomahawks of returning
 d - 2 throwing nets (quivered)
 t - 3 curare-tipped needles
Armour
 c - a +0 helmet (worn)
 r - a +3 chain mail (worn)
 y - a +0 cloak (worn)
 z - a +3 plate armour
 A - a +0 pair of boots (worn)
Jewellery
 u - a +3 ring of strength (left hand)
 v - a +3 ring of strength (right hand)
Scrolls
 k - 2 scrolls of blinking
 m - 4 scrolls of remove curse
 o - a scroll of summoning
 C - a scroll of recharging
 D - 5 scrolls of enchant armour
 F - 4 scrolls of enchant weapon
 I - a scroll of fear
Potions
 e - 10 potions of curing
 g - 15 potions of heal wounds
 h - a potion of haste
 i - 4 potions of magic
 j - 7 potions of berserk rage
 l - 2 potions of invisibility
 w - 2 potions of cure mutation
 x - a potion of might
 B - a potion of ambrosia
 E - a potion of agility
 H - a potion of brilliance
Comestibles
 f - 8 bread rations
 p - 39 fruits
 q - 7 meat rations


   Skills:
 + Level 16.9 Fighting
 - Level 16.6 Staves
 - Level 1.7 Throwing
 - Level 14.6 Armour
 + Level 5.6 Dodging
 + Level 11.1 Stealth


You had 10 spell levels left.
You didn't know any spells.

Dungeon Overview and Level Annotations

Branches:
Dungeon (1/1)

Altars:
Ashenzari
Cheibriados
Dithmenos
Elyvilon
Fedhas
Gozag
Hepliaklqana
Kikubaaqudgha
Makhleb
Nemelex Xobeh
Okawaru
Qazlal
Ru
Sif Muna
Trog
Uskayaw
Vehumet
Xom
Yredelemnul
Zin
The Shining One
Beogh
Jiyva
Lugonu


Innate Abilities, Weirdness & Mutations

You are resistant to torment.
Your stone body is resilient. (AC +7)
You are immune to poison.
You resist negative energy. (rN+)
You are resistant to electric shocks. (rElec)
You can survive without breathing.
You are immune to petrification.
You are immune to rotting.
Your spells are a little harder to cast, but a little more powerful.


Message History

The yaktaur is almost dead.
The yaktaur hits you but does no damage.
You barely miss the yaktaur.
The yaktaur is almost dead.
You sock the yaktaur!
You kill the yaktaur!
Trog accepts your kill.
The frost giant gestures at you while chanting.
The bolt of cold misses you.
You hear an angry hiss.
There is a huge open gate to the Grid Vault (Hard) here.
There is a huge open gate to the Grid Vault (Hard) here.
The frost giant casts a spell at you. The bolt of cold hits you!
Ouch! That really hurt!
* * * LOW HITPOINT WARNING * * *
You hit the frost giant.
The frost giant is lightly wounded.
The frost giant hits you with a battleaxe of freezing.
You die...

#..# #)# #..# #..# #C# #..#
#..##.# #..#
#..#D##############..#
########....)...............#
______##......C.............#
______###########''##########
#####'###########C'######
#)))#.##........@.......#
')))'.##......#..#......#
#####.##................+
).(()..'().)))).........+
##'#####......#..#......#
#...).##........(.......#
#####'#####'#####++######
#.....##.......##++# ##### ######
#.....##.......##..###...###..+))


You could see a frost giant.

Vanquished Creatures
  2 nagarajas (D)
  A minotaur (D)
  A death knight (D)
  A naga sharpshooter (D)
  A sea snake (D)
  An unseen horror (D)
  A cyclops (D)
  2 orange demons (D)
  A molten gargoyle (D)
  2 smoke demons (D)
  A naga mage (D)
  A demonic crawler (D)
  A yaktaur (D)
  An ice devil (D)
  A troll (D)
  3 jumping spiders (D)
  A spriggan (D)
  4 yaks (D)
  A vampire (D)
  A fire bat (D)
  An insubstantial wisp (D)
  A basilisk (D)
  A mottled dragon (D)
  2 nagas (D)
  A water moccasin (D)
  Duvessa (D)
  A large abomination (D)
  An ogre (D)
  A black bear (D)
  A wolf (D)
  3 centaurs (D)
  A big kobold (D)
  Blork the orc (D)
  A gnoll sergeant (D)
  Dowan (D)
  3 killer bees (D)
  A hound (D)
  An iron imp (D)
  A jelly (D)
  4 orc wizards (D)
  A hell rat (D)
  A small abomination (D)
  3 gnolls (D)
  2 adders (D)
  3 oozes (D)
  An adder skeleton (D)
  A worm (D)
  3 orcs (D)
  A goblin (D)
  2 jackals (D)
  A quokka (D)
  A ball python skeleton (D)
  2 bats (D)
  A giant cockroach zombie (D)
  A kobold (D)
  A quokka skeleton (D)
  A rat (D)
82 creatures vanquished.

Vanquished Creatures (collateral kills)
  A death knight (D)
  2 gnolls (D)
  An orc (D)
4 creatures vanquished.

Grand Total: 86 creatures vanquished

Notes
Turn   | Place    | Note
-------+----------+-------------------------------------------
     0 | D        | Gamora the Gargoyle Gladiator began the quest for the Orb.
     0 | D        | Reached XP level 1. HP: 12/12 MP: 1/1
    42 | D        | Found a radiant altar of Vehumet.
    42 | D        | Found a hide-covered altar of Uskayaw.
    42 | D        | Found an ancient bone altar of Kikubaaqudgha.
    42 | D        | Found a viscous altar of Jiyva.
    42 | D        | Found a hazy altar of Hepliaklqana.
    43 | D        | Found a bloodstained altar of Trog.
    43 | D        | Found a deep blue altar of Sif Muna.
    43 | D        | Found a sacrificial altar of Ru.
    43 | D        | Found a stormy altar of Qazlal.
    43 | D        | Found an iron altar of Okawaru.
    43 | D        | Found a sparkling altar of Nemelex Xobeh.
    43 | D        | Found an opulent altar of Gozag.
    43 | D        | Found a blossoming altar of Fedhas.
    43 | D        | Found a white marble altar of Elyvilon.
    43 | D        | Found a shadowy altar of Dithmenos.
    43 | D        | Found a snail-covered altar of Cheibriados.
    44 | D        | Found a burning altar of Makhleb.
    44 | D        | Found a glowing golden altar of the Shining One.
    44 | D        | Found a glowing silver altar of Zin.
    44 | D        | Found a basalt altar of Yredelemnul.
    44 | D        | Found a roughly hewn altar of Beogh.
    45 | D        | Found a corrupted altar of Lugonu.
    45 | D        | Found a shimmering altar of Xom.
    45 | D        | Found a shattered altar of Ashenzari.
    46 | D        | Became a worshipper of Trog the Wrathful
    67 | D        | Reached skill level 5 in Staves
    67 | D        | Reached XP level 2. HP: 17/17 MP: 2/2
    69 | D        | Reached * piety under Trog
    95 | D        | Noticed an ogre
   105 | D        | Reached ** piety under Trog
   109 | D        | Killed an ogre
   109 | D        | Reached XP level 3. HP: 19/21 MP: 3/3
   109 | D        | Reached XP level 4. HP: 24/26 MP: 4/4
   199 | D        | Noticed a black bear
   219 | D        | Killed a black bear
   219 | D        | Reached *** piety under Trog
   219 | D        | Reached XP level 5. HP: 27/30 MP: 5/5
   254 | D        | Noticed a fire bat
   271 | D        | Killed a fire bat
   271 | D        | Reached XP level 6. HP: 33/40 MP: 6/6
   359 | D        | Reached skill level 5 in Fighting
   364 | D        | Reached XP level 7. HP: 46/46 MP: 7/7
   373 | D        | Reached **** piety under Trog
   412 | D        | Received a gift from Trog
   465 | D        | Noticed Blork the orc
   465 | D        | Noticed Duvessa
   465 | D        | Noticed Dowan
   477 | D        | Killed Duvessa
   481 | D        | Killed Blork the orc
   481 | D        | Reached ***** piety under Trog
   481 | D        | Received a gift from Trog
   492 | D        | Killed Dowan
   507 | D        | Noticed an orange demon
   526 | D        | Killed an orange demon
   526 | D        | Reached skill level 15 in Staves
   526 | D        | Reached XP level 8. HP: 36/56 MP: 8/8
   640 | D        | Noticed a troll
   646 | D        | Killed a troll
   862 | D        | Noticed a sea snake
   863 | D        | Noticed a jumping spider
   899 | D        | Killed a sea snake
   899 | D        | Received a gift from Trog
   899 | D        | Reached skill level 10 in Fighting
   899 | D        | Reached XP level 9. HP: 47/63 MP: 9/9
  1062 | D        | Killed a jumping spider
  1147 | D        | Noticed a minotaur
  1156 | D        | Received a gift from Trog
  1166 | D        | Noticed a jumping spider
  1169 | D        | Killed a minotaur
  1198 | D        | Reached ****** piety under Trog
  1205 | D        | Killed a jumping spider
  1205 | D        | Reached XP level 10. HP: 25/73 MP: 10/10
  1448 | D        | Noticed a naga mage
  1495 | D        | Killed a naga mage
  1495 | D        | Received a gift from Trog
  1497 | D        | Noticed a naga sharpshooter
  1518 | D        | Killed a naga sharpshooter
  1518 | D        | Reached skill level 10 in Armour
  1702 | D        | Noticed a cyclops
  1714 | D        | Killed a cyclops
  1714 | D        | Received a gift from Trog
  1781 | D        | Killed an unseen horror
  1824 | D        | Noticed a smoke demon
  1840 | D        | Killed a smoke demon
  2055 | D        | Noticed a death knight
  2055 | D        | Noticed an orange demon
  2078 | D        | Killed a death knight
  2078 | D        | Received a gift from Trog
  2078 | D        | Reached XP level 11. HP: 39/80 MP: 11/11
  2283 | D        | Noticed a death knight
  2285 | D        | Noticed a nagaraja
  2340 | D        | Killed a death knight
  2340 | D        | Reached skill level 15 in Fighting
  2345 | D        | Received a gift from Trog
  2378 | D        | Killed a nagaraja
  2459 | D        | Received a gift from Trog
  2510 | D        | Received a gift from Trog
  2811 | D        | Received a gift from Trog
  2880 | D        | Received a gift from Trog
  3073 | D        | Gained mutation: Your spells are a little harder to cast, but a little more powerful. [potion of beneficial mutation]
  3149 | D        | Reached skill level 10 in Stealth
  3156 | D        | Noticed a nagaraja
  3179 | D        | Killed a nagaraja
  3179 | D        | Received a gift from Trog
  3179 | D        | Reached skill level 5 in Dodging
  3180 | D        | Noticed a frost giant
  3181 | D        | Noticed a swamp dragon
  3195 | D        | HP: 3/84 [frost giant/bolt of cold (45)]
  3196 | D        | Slain by a frost giant

Vault maps used:
D:        pitsprint

Skill      XL: |  1  2  3  4  5  6  7  8  9 10 11 |
---------------+----------------------------------+-----
Staves         | 5 9 11 12 13 15 16 | 16.6
Fighting       | 4 6 8 10 13 14 16 | 16.9
Armour         | 8 13 14 | 14.6
Stealth        | 8 11 | 11.1
Dodging        | 5 |  5.6
Throwing       | |  1.7

Action                   |  1- 3 |  4- 6 |  7- 9 | 10-12 || total
-------------------------+-------+-------+-------+-------++-------
Melee: Quarterstaff      |    16 |    34 |   138 |   235 ||   423
Throw: Throwing net      |     1 |       |       |       ||     1
Invok: Berserk           |       |       |     1 |       ||     1
       Trog's Hand       |       |       |       |     5 ||     5
       Brothers in Arms  |       |       |       |     2 ||     2
       Burn Spellbooks   |       |       |       |     1 ||     1
  Use: Scroll            |       |       |       |     1 ||     1
       Potion            |       |       |       |     1 ||     1
 Stab: Held in net/web   |     1 |       |       |       ||     1
  Eat: Chunk             |       |       |     2 |     7 ||     9
       Fruit             |       |       |       |     1 ||     1
Armor: Leather armour    |     6 |     8 |       |       ||    14
       Chain mail        |       |    31 |    62 |    79 ||   172
Dodge: Dodged            |     6 |    17 |    31 |    54 ||   108
